 Dungeon Crawl Stone Soup version 0.28-a0-32-g8dfe7f97f6 (webtiles) character file.

Game seed: 6311382190012469325

18 sanka the Gusty (level 2, 20/20 HPs)
             Began as a Demigod Air Elementalist on July 27, 2021.
             Quit the game on level 1 of the Dungeon.
             The game lasted 00:01:03 (547 turns).

sanka the Gusty (Demigod Air Elementalist)           Turns: 547, Time: 00:01:03

Health: 20/20      AC:  2    Str:  9    XL:     2   Next: 33%
Magic:  5/7        EV: 12    Int: 17    God:
Gold:   39         SH:  0    Dex: 14    Spells: 4/5 levels left

rFire   . . .      SeeInvis .   (no weapon)
rCold   . . .      Faith    .   (no shield)
rNeg    . . .      Spirit   .   a - +0 robe
rPois   +          Reflect  .   (no helmet)
rElec   .          Harm     .   (no cloak)
rCorr   .          Rampage  .   (no gloves)
Will    .....                   (no boots)
Stlth   ++........              (no amulet)
HPRegen 0.06/turn               (no ring)
MPRegen 0.10/turn               e - ring of poison resistance

@: no status effects
A: high mp 1, forlorn
a: no special abilities


You were on level 1 of the Dungeon.
You visited 1 branch of the dungeon, and saw 1 of its levels.

You collected 39 gold pieces.


Innate Abilities, Weirdness & Mutations

Your attributes grow dramatically as you level up.
You have an increased reservoir of magic. (+10% MP)
You shall have no god before yourself.


   Skills:
 - Level 1.7 Dodging
 - Level 1.7 Stealth
 - Level 2.0 Spellcasting
 + Level 1.5 Conjurations
 + Level 3.1 Air Magic


You had 4 spell levels left.
You knew the following spells:

 Your Spells              Type           Power      Damage    Failure   Level
z - Shock                 Conj/Air       36%        1d5       8%          1

Your spell library contained the following spells:

 Spells                   Type           Power      Damage    Failure   Level
 Static Discharge         Conj/Air       9%         N/A       12%         2
 Swiftness                Air            12%        N/A       16%         3
 Airstrike                Air            6%         N/A       47%         4
 Irradiate                Conj/Tmut      2%         3d14      98%         5
 Blade Hands              Tmut           0%         N/A       99%         5
 Dragon Form              Tmut           0%         N/A       100%        7

Inventory:

Armour
 a - a +0 robe (worn)
Jewellery
 e - a ring of poison resistance (right hand)
Scrolls
 b - a scroll of immolation {unknown}
 c - 2 scrolls of identify {unknown}
Potions
 d - a potion of curing {unknown}

Dungeon Overview and Level Annotations

Branches:
Dungeon (1/15)

P▒.▒. ▒.........▒ ▒.▒
▒▒▒.▒▒▒▒▒.▒ ▒.▒▒▒▒
▒.▒ ▒.▒▒.▒ ▒)▒
▒....▒▒▒†▒▒
▒▒▒▒▒▒......▒
.........▒..▒▒▒▒▒▒▒
................).▒.▒
..............▒▒p...▒
.........▒..▒.▒▒▒▒▒▒▒
.....†......▒.▒
▒▒▒▒▒▒▒▒...▒▒.▒
▒...▒▒.▒ ▒..>▒▒.▒
.......▒ ........▒
......▒▒


There were no monsters in sight!


Message History

Aim: a quokka (almost dead, 56% to hit)
The zap misses the quokka.
Aiming: Shock (safe; 8% risk of failure)
Aim: a quokka (almost dead, 56% to hit)
The zap hits the quokka.
You kill the quokka!
A goblin comes into view. It is wielding a +0 club.
Aiming: Shock (safe; 8% risk of failure)
Aim: a goblin, wielding a +0 club (wandering, hasn't noticed you, 60% to hit)
The zap hits the goblin.
You kill the goblin!
You can't see any susceptible monsters within range! (Use Z to cast anyway.)
You see here a quokka corpse.
e - a ring of poison resistance Put ring on which hand? (Esc to cancel) < - no ring (left) > - no ring (right)
e - a ring of poison resistance (right hand)
You see here a +0 hunting sling.
A ball python comes into view.
Aiming: Shock (safe; 8% risk of failure)
The zap hits the ball python.
The ball python is severely wounded.
The ball python hisses angrily.
The zap misses the ball python.
Aiming: Shock (safe; 8% risk of failure)
The zap hits the ball python.
You kill the ball python!
You can't see any susceptible monsters within range! (Use Z to cast anyway.) Are you sure you want to abandon this character and quit the game? (Confirm with "yes".)

Action                   || total
-------------------------++-------
Melee: Unarmed           ||     5
 Cast: Shock             ||    31
Dodge: Dodged            ||     4

Levels and vault maps discovered:
D:1:      minmay_arrival_checkered_box, layout_basic, serial_aquarium,
          aquarium_bridge_square [aquarium_subvault_bridge,
          aquarium_subvault_window, aquarium_subvault_bridge,
          aquarium_subvault_wall], aquarium_window_corner, aquarium_window_2,
          aquarium_view_2d, aquarium_view_2c, aquarium_balcony_double_3,
          aquarium_pool_2, serial_bayou_crossing

Notes
Turn   | Place    | Note
-------+----------+-------------------------------------------
     0 | D:1      | sanka the Demigod Air Elementalist began the quest for the
                  | Orb.
     0 | D:1      | Reached XP level 1. HP: 14/14 MP: 5/5
    45 | D:1      | Reached skill level 1 in Conjurations
   220 | D:1      | Reached skill level 2 in Spellcasting
   365 | D:1      | Reached XP level 2. HP: 20/20 MP: 5/7
   390 | D:1      | Reached skill level 3 in Air Magic
   547 | D:1      | Quit the game

Vanquished Creatures
  3 endoplasms (D:1)
  A hobgoblin (D:1)
  A quokka (D:1)
  3 ball pythons (D:1)
  2 frilled lizards (D:1)
  4 goblins (D:1)
  3 kobolds (D:1)
  A rat (D:1)
18 creatures vanquished.
